 Dungeon Crawl Stone Soup version 0.31.0-12-g77e489cdc1 (webtiles) character file.

Game seed: 14258164640857206305

127 booth the Chopper (level 4, -4/37 HPs)
             Began as a Demonspawn Monk on Feb 11, 2024.
             Killed from afar by an orc wizard (11 damage)
             ... with a puff of flame
             ... on level 3 of the Dungeon.
             The game lasted 00:13:46 (2331 turns).

booth the Chopper (Demonspawn Monk)                 Turns: 2331, Time: 00:13:47

Health: -4/37      AC:  9    Str: 13    XL:     4   Next: 85%
Magic:  4/4        EV: 11    Int: 11    God:
Gold:   75         SH:  0    Dex: 15    Spells: 3/3 levels left

rFire   . . .        a - +0 hand axe
rCold   . . .        d - orb {light}
rNeg    . . .        p - +0 ring mail
rPois   .            (no helmet)
rElec   .            (no cloak)
rCorr   .            (no gloves)
SInv    .            (no boots)
Will    .....        (no amulet) Stlth
                     n - +4 ring of protection
HPRegen 0.26/turn    (no ring)
MPRegen 0.18/turn

%: no passive effects
@: confused, ambrosia-drunk, glowing
A: claws 1, magic regeneration
a: no special abilities


You were on level 3 of the Dungeon.
You visited 1 branch of the dungeon, and saw 3 of its levels.

You collected 75 gold pieces.

Inventory:

Hand Weapons
 a - a +0 hand axe (weapon)
 v - a +0 war axe
Missiles
 f - 8 poisoned darts (quivered)
 k - 3 javelins
Armour
 d - an orb of light (worn)
 p - a +0 ring mail (worn)
 s - a +0 scale mail
Jewellery
 n - a +4 ring of protection (left claw)
 u - a ring of protection from fire
Wands
 b - a wand of light (11)
Scrolls
 e - a scroll of vulnerability
 h - a scroll of revelation {unknown}
 i - a scroll of fog {unknown}
 j - a scroll of fear {unknown}
 o - a scroll of poison {unknown}
 q - a scroll of noise {unknown}
 r - a scroll of silence {unknown}
Potions
 g - a potion of brilliance
 l - a potion of curing {unknown}
 t - 2 potions of attraction {unknown}


   Skills:
 + Level 4.1 Fighting
 * Level 4.2 Axes
 - Level 2.9 Dodging


You had 3 spell levels left.
You didn't know any spells.
Your spell library contained the following spells:

 Spells                   Type           Power      Damage    Failure   Level
 Kiss of Death            Conj/Necr      0%         2d5       61%         1
 Confusing Touch          Hex            0%         N/A       93%         3
 Inner Flame              Hex/Fire       0%         N/A       93%         3
 Dispel Undead            Necr           0%         3d6       100%        4
 Flame Wave               Conj/Fire      0%         2d4       100%        4
 Sticky Flame             Fire/Alch      0%         2d4       100%        4


Dungeon Overview and Level Annotations

Branches:
Dungeon (3/15)

Altars:


Innate Abilities, Weirdness & Mutations

You have sharp fingernails.
You regenerate magic rapidly.


Message History

The orc wizard is almost dead.
You hit the orc but do no damage.
The orc wizard gestures at you while chanting.
The puff of flame hits you! The orc hits you with a +0 short sword.
The orc wizard splashes around in the water.
Your unstable footing causes you to fumble your attack.
You are engulfed in a cloud of scalding steam.
The orc hits you but does no damage.
The orc wizard hits you with a +2 dagger of flaming.
* * * LOW HITPOINT WARNING * * *
The orc wizard burns you.
* * * LOW HITPOINT WARNING * * *
You hit the orc wizard but do no damage.
The orc wizard is almost dead.
You hit the orc but do no damage.
You are engulfed in a cloud of scalding steam.
* * * LOW HITPOINT WARNING * * *
The orc hits you but does no damage.
The orc wizard splashes around in the water.
The orc hits you but does no damage.
You hit the orc.
The orc is moderately wounded.
You hit the orc wizard but do no damage.
The orc wizard gestures at you while chanting.
The magic dart hits you.
* * * LOW HITPOINT WARNING * * *
The orc hits you with a +0 short sword.
* * * LOW HITPOINT WARNING * * *
You are confused.
You feel invigorated.
The orc wizard points at you and mumbles some strange words.
The puff of flame hits you!
* * * LOW HITPOINT WARNING * * *
The orc barely misses you.
You hit the orc but do no damage.
The orc is moderately wounded.
You barely miss the orc wizard. The orc wizard casts a spell at you.
The puff of flame hits you!
You die...

### ## ## ♣~### ♣♣♣~♣#
########P♣♣♣~P♣ ~P~~~~
......#♣♣~~~~♣♣♣♣P~~~~~
#~~..♣~~~~~~~~~~P~~~~~
##♣~~..........@o.......
##PP~~~.~~~~~~~~~o~~P~~~P
#~~PPP~.≈~~~~≈≈~~))P~~~~~
~~~~~≈~.~~~~~~PP♣♣~~~~~♣#
~~~~P~~.~P~♣♣♣P## ♣♣♣~~#
PP≈~≈~~.~~♣♣ ♣## ###
PP~≈≈~~.≈~♣ ~P≈≈~≈~.~~♣
♣♣~≈≈~~.≈~~♣


You could see an orc wizard (invisible) and an orc.

Vanquished Creatures
  An orc priest (D:3)
  2 adders (D:2)
  A ribbon worm (D:3)
  2 dart slugs (D:1)
  3 orcs (D:3)
  3 bats
  7 endoplasms
  A giant cockroach (D:1)
  11 goblins
  7 hobgoblins
  4 quokkas
  3 ball pythons
  7 frilled lizards
  8 kobolds
  7 rats
67 creatures vanquished.

Notes
Turn   | Place    | Note
-------+----------+-------------------------------------------
     0 | D:1      | booth the Demonspawn Monk began the quest for the Orb.
     0 | D:1      | Reached XP level 1. HP: 18/18 MP: 1/1
   188 | D:1      | Gained mutation: You regenerate magic rapidly. [demonic
                  | ancestry]
   188 | D:1      | Reached XP level 2. HP: 18/24 MP: 2/2
   465 | D:1      | Reached XP level 3. HP: 28/29 MP: 3/3
  1244 | D:2      | Gained mutation: You have sharp fingernails. [demonic
                  | ancestry]
  1244 | D:2      | Reached XP level 4. HP: 37/37 MP: 4/4
  2331 | D:3      | Killed from afar by an orc wizard

Illustrated notes

Levels and vault maps discovered:
D:1:      nzn_arrival_settlement, layout_rooms, minmay_small_reverse_x
D:2:      layout_loops_corners
D:3:      layout_loops_ring, serial_bayou, serial_bayou_lake_a,
          serial_bayou_pond_c, serial_bayou_lagoon_b, serial_bayou_lagoon_a,
          serial_bayou_pond_d, serial_bayou_ford_a, st_stairs_13

Skill      XL: |  1  2  3  4 |
---------------+-------------+-----
Axes           | 3 4 |  4.2
Fighting       | 4 |  4.1
Dodging        | |  2.9

Action                     |  1- 3 |  4- 6 || total
---------------------------+-------+-------++-------
  Melee: Hand axe          |   117 |    73 ||   190
  Throw: Dart              |     2 |       ||     2
    Use: Scroll            |     2 |     1 ||     3
         Potion            |       |     4 ||     4
 Armour: Robe              |    54 |       ||    54
         Ring mail         |     1 |    62 ||    63
  Dodge: Dodged            |    66 |    46 ||   112
